 Dungeon Crawl Stone Soup version 0.25-a0-346-g140ab784a8 (webtiles) character file.

Game seed: 9640363865544901888, levelgen mode: deterministic

3920 DerDa the Thaumaturge (level 10, -2/63 HPs)
             Began as an Octopode Fire Elementalist on Jan 1, 2020.
             Was a Believer of Sif Muna.
             Slain by a troll (8 damage)
             ... on level 9 of the Dungeon.
             The game lasted 00:22:16 (6561 turns).

DerDa the Thaumaturge (Octopode Fire Elementalist)  Turns: 6561, Time: 00:22:17

Health: -2/63      AC:  1    Str:  8    XL:     10   Next: 20%
Magic:  13/22      EV: 15    Int: 20    God:    Sif Muna [**....]
Gold:   378        SH:  0    Dex: 13    Spells: 12/25 levels left

rFire    + . .     SeeInvis .   u - +0 war axe (venom)
rCold    + + .     Gourm    .   (no shield)
rNeg     + . .     Faith    +   (helmet restricted)
rPois    .         Spirit   .   h - amulet of faith
rElec    .         Reflect  .   c - ring of positive energy
rCorr    .         Harm     .   r - ring of protection from fire
MR       .....                  A - ring of protection from cold
Stlth    +++.......             H - ring of flight
HPRegen  0.20/turn              N - ring of protection from cold
MPRegen  0.18/turn              (no ring)
                                (no ring)
                                (no ring)

@: studying Slings
A: almost no armour, stealthy swim, amphibious, 8 rings, constrict 8, camouflage
1, gelatinous body 1
a: Channel Magic, Renounce Religion, Evoke Flight


You were on level 9 of the Dungeon.
You worshipped Sif Muna.
Sif Muna was pleased with you.
You were not hungry.

You visited 2 branches of the dungeon, and saw 10 of its levels.

You collected 378 gold pieces.

Inventory:

Hand Weapons
 j - a +0 dagger of venom
 p - a +0 hunting sling
 u - a +0 war axe of venom (weapon)
 v - a +0 hunting sling
Missiles
 d - 185 stones
 m - 7 curare-tipped darts
 w - 41 poisoned darts (quivered)
Jewellery
 c - a ring of positive energy (left tentacle)
 h - an amulet of faith (around mantle)
 r - a ring of protection from fire (right tentacle)
 A - a ring of protection from cold (on tentacle)
 H - a ring of flight (on tentacle)
 I - a cursed amulet of inaccuracy {unknown}
 N - a ring of protection from cold (on tentacle)
Wands
 y - a wand of disintegration (9)
 B - a wand of polymorph (12)
 D - a wand of enslavement (7)
 F - a wand of random effects (38)
 L - a wand of acid (10)
 M - a wand of flame (11)
Scrolls
 e - 4 scrolls of fear
 g - 4 scrolls of fog
 k - 2 scrolls of blinking
 n - 4 scrolls of teleportation
 o - a scroll of magic mapping
 q - 4 scrolls of enchant armour
 t - a scroll of remove curse
 G - a scroll of immolation {unknown}
 J - a scroll of enchant weapon {unknown}
Potions
 a - 2 potions of might
 f - a potion of haste {unknown}
 i - a potion of lignification {unknown}
 l - 2 potions of heal wounds {unknown}
 s - a potion of mutation {unknown}
 x - 2 potions of curing {unknown}
 z - 2 potions of flight {unknown}
 C - 3 potions of degeneration {unknown}
 E - 2 potions of agility {unknown}
Books
 K - a manual of Slings
Comestibles
 b - 17 rations


   Skills:
 + Level 4.0 Fighting
 + Level 4.7 Dodging
 - Level 2.6 Stealth
 * Level 8.1 Spellcasting
 + Level 6.2 Conjurations
 + Level 6.8 Fire Magic
 + Level 4.5 Invocations


You had 12 spell levels left.
You knew the following spells:

 Your Spells              Type           Power        Failure   Level  Hunger
a - Foxfire               Conj/Fire      ####         1%          1    None
b - Conjure Flame         Conj/Fire      ####....     1%          3    None
c - Sticky Flame          Conj/Fire      ####....     5%          4    ###....
d - Fireball              Conj/Fire      ####......   16%         5    #####..

Your spell library contained the following spells:

 Spells                   Type           Power        Failure   Level  Hunger
 Inner Flame              Hex/Fire       ###.....     6%          3    None


Dungeon Overview and Level Annotations

Branches:
Dungeon (9/15)             Temple (1/1) D:6
   Lair: D:8-11         Orc: D:9-12

Altars:
Ashenzari
Cheibriados
Dithmenos
Elyvilon
Fedhas
Gozag
Hepliaklqana
Kikubaaqudgha
Makhleb
Nemelex Xobeh
Okawaru
Qazlal
Ru
Sif Muna
Trog
Uskayaw
Vehumet
Wu Jian
Xom
Yredelemnul
Zin
The Shining One

Annotations:
D:7 1 runed translucent door, rubinsalamander's ghost, novice GrEE


Innate Abilities, Weirdness & Mutations

You cannot wear most types of armour.
You are very stealthy in the water. (Stealth+)
You are amphibious.
You can wear up to eight rings at the same time.
You can use your tentacles to constrict eight enemies at once.
Your skin changes colour to match your surroundings (Stealth+).
Your rubbery body absorbs attacks. (AC +1, EV +1)


Message History

The troll misses you. The troll claws you! The troll completely misses you.
Casting: Foxfire (safe; 1% risk of failure)
Confirm with . or Enter, or press ? or * to list all spells.
You don't know that spell.
Unknown command.
Casting: Foxfire (safe; 1% risk of failure)
Confirm with . or Enter, or press ? or * to list all spells.
Aiming: Sticky Flame (safe; 5% risk of failure)
Press: ? - help, Shift-Dir - straight line, f - troll
Aim: a troll (heavily wounded)
The sticky flame hits the troll.
The troll is severely wounded.
The troll is covered in liquid flames!
The troll burns!
The troll barely misses you. x2; The troll claws you!
The troll burns!
The troll bites you!
* * * LOW HITPOINT WARNING * * *
The troll claws you!
* * * LOW HITPOINT WARNING * * *
The troll claws you!
You die...

.#####
......###.#####
..z..zT.#.....#
.....z#@# #<#
####### %.... #.#
#.# #...... ....
#.#####.# #......
...
#.......#r##......
..
#.#######...(.....
# ###
########p.....
#...ooppp.....
##)######......
###...### #......


You could see a troll (burning) and 2 wights.

Vanquished Creatures
  A two-headed ogre (D:7)
  Pikel (D:9)
  Prince Ribbit (D:6)
  A hippogriff (D:7)
  Sigmund (D:2)
  Menkaure (D:6)
  An ice beast (D:6)
  An orc warrior (D:7)
  A phantom (D:7)
  3 sky beasts
  2 centaurs
  A big kobold (D:8)
  4 bullfrogs
  3 wights (D:7)
  A howler monkey (D:8)
  A crimson imp (D:8)
  A quasit (D:9)
  A centaur zombie (D:6)
  2 jellies (D:8)
  3 orc priests
  A bullfrog skeleton (D:5)
  5 hounds
  5 orc wizards
  Terence (D:3)
  2 iguanas
  A worker ant (D:8)
  2 hound zombies
  3 hound skeletons
  2 worker ant zombies
  14 adders
  A shadow imp (D:6)
  An adder skeleton (D:8)
  A worm (D:2)
  3 dart slugs
  3 leopard geckos
  40 orcs
  4 giant cockroaches
  5 goblins
  3 hobgoblins (D:2)
  8 jackals
  5 kobolds
  2 quokkas
  3 ball pythons
  2 bats (D:3)
  3 frilled lizards
  A jackal skeleton (D:6)
  A leopard gecko skeleton (D:4)
  7 rats
160 creatures vanquished.

Vanquished Creatures (others)
  A slave (D:9)
  An orc wizard (D:9)
  An orc (D:9)
  487 foxfires
490 creatures vanquished.

Grand Total: 650 creatures vanquished

Notes
Turn   | Place    | Note
-------+----------+-------------------------------------------
     0 | D:1      | DerDa the Octopode Fire Elementalist began the quest for
                  | the Orb.
     0 | D:1      | Reached XP level 1. HP: 11/11 MP: 3/3
   100 | D:1      | Reached XP level 2. HP: 17/17 MP: 3/5
   555 | D:2      | Reached XP level 3. HP: 21/21 MP: 2/7
   792 | D:2      | Reached skill level 3 in Spellcasting
   829 | D:2      | Reached XP level 4. HP: 27/27 MP: 3/8
   881 | D:2      | Noticed Sigmund
   889 | D:2      | Killed Sigmund
   889 | D:2      | Reached skill level 4 in Spellcasting
   889 | D:2      | Reached XP level 5. HP: 24/31 MP: 5/11
  1266 | D:3      | Reached XP level 6. HP: 30/36 MP: 8/12
  1385 | D:3      | Noticed Terence
  1391 | D:3      | Learned a level 3 spell: Conjure Flame
  1396 | D:3      | Killed Terence
  1968 | D:4      | Reached XP level 7. HP: 31/41 MP: 1/14
  2111 | D:4      | Reached skill level 5 in Spellcasting
  2324 | D:4      | Learned a level 4 spell: Sticky Flame
  2330 | D:4      | Learned a level 5 spell: Fireball
  2524 | D:5      | Entered Level 5 of the Dungeon
  2606 | D:5      | Reached skill level 5 in Fire Magic
  3559 | D:6      | Found a staircase to the Ecumenical Temple.
  3564 | Temple   | Entered the Ecumenical Temple
  3680 | Temple   | Became a worshipper of Sif Muna the Loreminder
  3810 | D:6      | Found an iron altar of Okawaru.
  3894 | D:6      | Reached XP level 8. HP: 47/47 MP: 9/16
  4024 | D:6      | Found a sacrificial altar of Ru.
  4043 | D:6      | Reached skill level 6 in Spellcasting
  4083 | D:6      | Noticed Menkaure
  4088 | D:6      | Killed Menkaure
  4088 | D:6      | Reached skill level 1 in Fighting
  4088 | D:6      | Reached skill level 1 in Invocations
  4177 | D:6      | Noticed Prince Ribbit
  4181 | D:6      | Killed Prince Ribbit
  4425 | D:7      | Reached skill level 5 in Conjurations
  4446 | D:7      | Reached * piety under Sif Muna
  4582 | D:7      | Found a runed translucent door.
  4590 | D:7      | Reached XP level 9. HP: 50/54 MP: 9/19
  4966 | D:7      | Reached skill level 7 in Spellcasting
  5162 | D:7      | Noticed rubinsalamander's ghost (novice GrEE)
  5435 | D:8      | Noticed a two-headed ogre
  5453 | D:7      | Killed a two-headed ogre
  5662 | D:8      | Reached ** piety under Sif Muna
  5717 | D:8      | Reached XP level 10. HP: 30/63 MP: 5/21
  6345 | D:9      | Noticed Pikel
  6356 | D:9      | Reached skill level 8 in Spellcasting
  6364 | D:9      | Killed Pikel
  6561 | D:9      | Slain by a troll

Levels and vault maps discovered:
D:1:      dpeg_arrival_stonehenge_8_columns, layout_basic,
          minmay_misc_feat_square
D:2:      layout_loops_ring, first_ration, minivault_4, uniq_sigmund
D:3:      layout_loops_ring, uniq_terence
D:4:      layout_rooms, serial_corexii_hall, chequers_hall_statues_wall_a,
          corexii_hall_statues_i
D:5:      layout_loops_corners
D:6:      layout_gridville, nicolae_overflow_crystal_walls, temple_doors_e,
          kennysheep_okawaru_gauntlet, uniq_menkaure, uniq_prince_ribbit1
D:7:      layout_basic, hellmonk_ghost_happy_afterlife
D:8:      layout_cave_pools, blue_anna_alchemist [blue_anna_fruit_fields,
          blue_anna_fruit_fields], minmay_manual_monstrance
D:9:      layout_basic, david_lair_generic, uniq_pikel
Temple:   regret_index_temple_sigil_plot

Skill      XL: |  1  2  3  4  5  6  7  8  9 10 |
---------------+-------------------------------+-----
Spellcasting   | 3 4 5 6 7 8 |  8.1
Conjurations   | 2 3 4 5 6 |  6.2
Fire Magic     | 4 5 6 |  6.8
Fighting       | 2 3 4 |  4.0
Invocations    | 2 4 |  4.5
Dodging        | 3 4 |  4.7
Stealth        | |  2.6

Action                   |  1- 3 |  4- 6 |  7- 9 | 10-12 || total
-------------------------+-------+-------+-------+-------++-------
Melee: Dagger            |     6 |    25 |       |       ||    31
       Unarmed           |     4 |       |       |       ||     4
       Constrict         |     2 |    14 |    12 |     1 ||    29
       Tentacles         |       |     6 |     5 |       ||    11
       War axe           |       |    10 |    40 |     7 ||    57
 Cast: Foxfire           |    39 |    81 |   194 |     9 ||   323
       Sticky Flame      |       |       |    16 |     7 ||    23
  Use: Scroll            |       |       |    10 |       ||    10
 Stab: Sleeping          |     2 |     2 |       |       ||     4
       Distracted        |       |     1 |       |       ||     1
  Eat: Chunk             |       |     3 |    14 |     1 ||    18
       Ration            |       |       |       |     1 ||     1
Armor: Skin              |       |     5 |     3 |     2 ||    10
Dodge: Dodged            |     9 |    46 |    60 |    21 ||   136

Table legend:
 A = Non-vault XP
 B = Vault XP
 C = Vault XP percentage of total XP
 D = Non-vault monster count
 E = Vault monster count
 F = Vault count percentage of total count
                 A         B        C        D         E       F
            +---------+---------+-------+---------+---------+-------
      Total |    3985 |    1616 |  28.9 |     149 |      11 |   6.9
            +---------+---------+-------+---------+---------+-------
        D:1 |      18 |       0 |   0.0 |       9 |       0 |   0.0
        D:2 |      84 |     212 |  71.6 |      22 |       1 |   4.3
        D:3 |     128 |      36 |  22.0 |      28 |       1 |   3.4
        D:4 |     402 |       0 |   0.0 |      21 |       0 |   0.0
        D:5 |     268 |       0 |   0.0 |      11 |       0 |   0.0
        D:6 |     385 |     447 |  53.7 |      12 |       4 |  25.0
        D:7 |    2091 |       0 |   0.0 |      26 |       0 |   0.0
        D:8 |     479 |     270 |  36.0 |      18 |       4 |  18.2
        D:9 |     130 |     651 |  83.4 |       2 |       1 |  33.3
            +---------+---------+-------+---------+---------+-------
